 Dungeon Crawl Stone Soup version 0.18-a0-1160-geb89fc2 (console) character file.

1280 GhEn the Grappler (level 8, 0/69 HPs)
             Began as a Ghoul Enchanter on Jan 24, 2016.
             Slain by Blork the orc
             ... wielding a +0 trident
              (2 damage)
             ... on level 6 of the Dungeon.
             The game lasted 00:17:25 (7025 turns).

GhEn the Grappler (Ghoul Enchanter)                 Turns: 7025, Time: 00:17:25

Health: 0/69       AC:  7    Str: 19    XL:     8   Next: 54%
Magic:  9/9        EV: 11    Int: 10    God:
Gold:   220        SH:  0    Dex:  9    Spells: 0 memorised, 10 levels left

rFire  + + .     SeeInvis .       - Unarmed
rCold  + + .     Gourm    .     s - +2 leather armour {rF+}
rNeg   + + +     Faith    .     (no shield)
rPois  ∞         Spirit   .     (no helmet)
rElec  +         Dismiss  .     w - +0 cloak
rCorr  +         Reflect  .     (no gloves)
SustAt .         Harm     .     e - +0 pair of boots
MR     .....                    (no amulet)
Stlth  +.........               (no ring)
                                (no ring)

@: confused, mighty, resistant, flying, rotting, not resistant to hostile
enchantments, very unstealthy
A: rotting body, claws 1, carnivore 3, cold resistance 1, negative energy
resistance 3, slow regeneration 1, torment resistance, unbreathing
a: no special abilities


You were on level 6 of the Dungeon.
You were not hungry.

You visited 1 branch of the dungeon, and saw 6 of its levels.

You collected 440 gold pieces.
You spent 220 gold pieces at shops.

Inventory:

Hand Weapons
 a - a +1 dagger
 b - a +2 hunting sling of flaming
   (You took it off a goblin on level 1 of the Dungeon)
Missiles
 n - 89 stones (quivered)
Armour
 e - a +0 pair of boots (worn)
   (You found it on level 4 of the Dungeon)
 q - a +2 shield
   (You found it on level 5 of the Dungeon)
 s - a +2 leather armour of fire resistance (worn)
   (You took it off an orc on level 4 of the Dungeon)
 w - a +0 cloak (worn)
   (You took it off Crazy Yiuf on level 4 of the Dungeon)
Wands
 x - a wand of frost (37/48)
   (You found it on level 3 of the Dungeon)
Scrolls
 g - a scroll of random uselessness
 h - a scroll of blinking {unknown}
 i - a scroll of fog {!r}
 j - 2 scrolls of remove curse
 k - 5 scrolls of recharging
 l - a scroll of magic mapping {unknown}
 o - a scroll of fear
 t - 2 scrolls of teleportation
 v - a scroll of acquirement {unknown}
 y - a scroll of amnesia {!r}
 D - a scroll of enchant weapon {unknown}
Potions
 f - a potion of lignification
 p - a potion of resistance
 u - a potion of might
 B - a potion of agility
Books
 c - a book of Maledictions
Miscellaneous
 z - a piece from Xom's chessboard
   (You bought it in a shop on level 4 of the Dungeon)
Comestibles
 d - 6 meat rations
 r - 2 slices of pizza


   Skills:
 - Level 5.4 Fighting
 - Level 0.8 Short Blades
 - Level 1.7 Dodging
 - Level 3.2 Stealth
 + Level 9.3 Unarmed Combat
 - Level 1.7 Spellcasting
   Level 2.4 Hexes


You had 10 spell levels left.
You didn't know any spells.


Innate Abilities, Weirdness & Mutations

Your body is rotting away.
You thrive on raw meat.
You are immune to poison.
You have sharp fingernails.
You are carnivorous and can eat meat at any time.
Your flesh is cold resistant.
You are immune to negative energy.
You regenerate slowly when monsters are visible.
You are immune to unholy pain and torment.
You can survive without breathing.

Dungeon Overview and Level Annotations

Branches:
Dungeon (6/15)             Temple (0/1) D:6

Altars:

Shops:
D:4 }

Annotations:
D:6 Blork the orc

..... ### ###....... .....
............. .....
##.##.#....... ###.. ........%.
.# #.# #.##.#.... .# #
#.#####.##.#.#.##.#.###
#.##.........#{...#...
#.#..##o##.#n...>#..#
###..)....##.###@†##(.#
....##.#####..##..#...#
.....o.######.:...[.#.#
##.##........##....##.###########
.......#####...<.................
##.##..####.........#.########...
##o##.......#.###.....### ##..##
#.........###.# #.....(.####..##
.).#....## #.# #.......(.oo.##


You could see a necrophage.


Message History

You bump into the rock wall.
You hear some strange, mumbled words.
A puff of frost appears from out of thin air!
The puff of frost hits you! You resist.
You hear some strange, mumbled words.
A puff of flame appears from out of thin air!
The puff of flame hits you! You resist.
* * * LOW HITPOINT WARNING * * *
You take 8 damage.
Your leather armour prevents you from hitting something.
Something hits you.
* * * LOW HITPOINT WARNING * * *
You take 4 damage.
You're too confused to move!
Something hits you!
* * * LOW HITPOINT WARNING * * *
You take 9 damage.
You bump into the rock wall.
Something hits you.
* * * LOW HITPOINT WARNING * * *
You hear a zap.
You are more confused.
A necrophage comes into view.
You take 1 damage.
Drink which item? (? for menu, Esc to quit)
You feel protected.
You hear a zap.
You are more confused.
Drink which item? (? for menu, Esc to quit)
It was a potion of might.
You feel very mighty all of a sudden. Something hits you!
* * * LOW HITPOINT WARNING * * *
You take 7 damage.
You miss something.
You hear some strange, mumbled words.
A magic dart appears from out of thin air!
The magic dart hits you!
* * * LOW HITPOINT WARNING * * *
You hear some strange, mumbled words.
A magic dart appears from out of thin air!
The magic dart hits you!
You take 4 damage.
A magic dart appears from out of thin air!
The magic dart hits you!
* * * LOW HITPOINT WARNING * * *
You take 5 damage.
Drink which item? (? for menu, Esc to quit)
It was a potion of flight.
You feel very buoyant.
You fly up into the air.
Something completely misses you. Something hits you.
You die...

Notes
Turn   | Place    | Note
--------------------------------------------------------------
     0 | D:1      | GhEn the Ghoul Enchanter began the quest for the Orb.
     0 | D:1      | Reached XP level 1. HP: 14/14 MP: 2/2
   161 | D:1      | Reached skill level 1 in Unarmed Combat
   380 | D:1      | Reached XP level 2. HP: 12/20 MP: 3/3
  1292 | D:2      | Reached skill level 3 in Unarmed Combat
  1292 | D:2      | Reached XP level 3. HP: 26/26 MP: 4/4
  1770 | D:2      | Reached XP level 4. HP: 23/32 MP: 5/5
  1824 | D:2      | Reached skill level 4 in Unarmed Combat
  2615 | D:3      | Found a faded altar to an unknown god.
  2992 | D:5      | Entered Level 5 of the Dungeon
  3018 | D:4      | Reached XP level 5. HP: 33/38 MP: 6/6
  3044 | D:4      | Reached skill level 5 in Unarmed Combat
  3130 | D:4      | Found Icill's Gadget Boutique.
  3139 | D:4      | Bought a piece from Xom's chessboard for 220 gold pieces
  3393 | D:4      | Noticed a phantom
  3400 | D:4      | XOM: harmless Summ miscast
  3401 | D:4      | XOM: swap monsters
  3412 | D:4      | XOM: swap monsters
  3420 | D:4      | XOM: swap monsters
  3429 | D:4      | XOM: swap monsters
  3442 | D:4      | Killed a phantom
  3442 | D:4      | Reached skill level 6 in Unarmed Combat
  3442 | D:4      | Reached XP level 6. HP: 26/45 MP: 7/7
  3666 | D:4      | Noticed Natasha
  3707 | D:4      | Killed Natasha
  3707 | D:4      | Reached skill level 7 in Unarmed Combat
  3824 | D:4      | Noticed Crazy Yiuf
  3843 | D:4      | XOM: swap monsters
  3850 | D:4      | Killed Crazy Yiuf
  4032 | D:4      | Reached XP level 7. HP: 45/50 MP: 8/8
  4380 | D:4      | Noticed Natasha
  4388 | D:4      | Killed Natasha
  4388 | D:4      | Reached skill level 1 in Fighting
  4751 | D:5      | XOM: swap monsters
  5110 | D:6      | Noticed Sigmund
  5128 | D:6      | Killed Sigmund
  5232 | D:5      | Reached skill level 5 in Fighting
  5312 | D:5      | Reached XP level 8. HP: 51/68 MP: 9/9
  5356 | D:6      | XOM: swap monsters
  5383 | D:6      | XOM: swap monsters
  5384 | D:6      | XOM: swap monsters
  5407 | D:6      | Noticed Blork the orc
  5413 | D:5      | XOM: enchant monster (bad)
  5414 | D:5      | XOM: swap monsters
  5537 | D:5      | XOM: harmless Conj miscast
  5538 | D:5      | XOM: harmless Pois miscast
  5539 | D:5      | XOM: swap monsters
  5540 | D:5      | XOM: silly message
  5541 | D:5      | XOM: medium Trmt miscast
  5542 | D:5      | XOM: medium Ice miscast
  5951 | D:6      | Reached skill level 8 in Unarmed Combat
  6338 | D:6      | XOM: medium Fire miscast
  6339 | D:6      | XOM: mild Chrm miscast
  6340 | D:6      | Found a staircase to the Ecumenical Temple.
  6340 | D:6      | XOM: 3-stop teleportation journey
  6492 | D:5      | Reached skill level 9 in Unarmed Combat
  6549 | D:5      | XOM: swap monsters
  6770 | D:4      | Noticed Natasha
  6778 | D:4      | Killed Natasha
  6803 | D:5      | XOM: harmless Fire miscast
  6804 | D:5      | XOM: swap monsters
  6805 | D:5      | XOM: enchant monster (bad)
  6806 | D:5      | XOM: noise
  6807 | D:5      | XOM: confusion
  7024 | D:6      | HP: 2/69 [something/magic dart (5)]
  7025 | D:6      | Slain by Blork the orc

Vanquished Creatures
  Sigmund (D:6)
  A phantom (D:4)
  2 ogres
  A big kobold (D:5)
  A giant frog (D:5)
  A crimson imp (D:6)
  4 hounds
  A jelly (D:6)
  2 orc priests
  A giant frog skeleton (D:6)
  Crazy Yiuf (D:4)
  An iguana (D:6)
  Natasha (thrice) (D:4)
  3 orc wizards
  2 worker ants
  A killer bee zombie (D:5)
  2 hound skeletons (D:4)
  A worker ant zombie (D:5)
  5 adders
  5 worms
  2 giant geckos
  28 orcs
  A ball python (D:5)
  9 bats
  5 giant cockroaches
  8 goblins
  4 hobgoblins
  2 jackals (D:3)
  2 quokkas
  4 giant newts
  A jackal skeleton (D:4)
  7 kobolds
  7 rats
119 creatures vanquished.

Vanquished Creatures (others)
  5 plants (D:4)
5 creatures vanquished.

Grand Total: 124 creatures vanquished

Action                   |  1- 3 |  4- 6 |  7- 9 || total
-------------------------+-------+-------+-------++-------
Melee: Dagger            |    16 |       |       ||    16
       Unarmed           |    84 |   265 |   181 ||   530
 Fire: Hunting sling     |    16 |     6 |    21 ||    43
 Cast: Corona            |     1 |       |       ||     1
Evoke: Piece from Xom's  |       |     6 |    21 ||    27
       Wand              |       |     2 |     2 ||     4
  Use: Scroll            |       |    11 |     5 ||    16
       Potion            |       |     2 |     4 ||     6
 Stab: Sleeping          |     1 |       |     1 ||     2
       Confused          |       |       |     1 ||     1
  Eat: Chunk             |     3 |    12 |    20 ||    35

Vault maps used:
D:1:      dpeg_arrival_boxorama
D:2:      first_bread
D:3:      ecumenical_altar_1
D:4:      serial_shops, nicolae_shop_stone, serial_bayou, serial_bayou_pond_d,
          serial_bayou_pond_e, serial_bayou_pond_c, serial_bayou_lagoon_a,
          uniq_natasha, uniq_crazy_yiuf_cottage
D:6:      minmay_temple_entry_trees, uniq_blork_the_orc, uniq_sigmund
